 Dungeon Crawl Stone Soup version 0.19-a0-860-g5c370dd (webtiles) character file.

90 sugabear the Cutter (level 4, 0/23 HPs)
             Began as a Vine Stalker Gladiator on July 2, 2016.
             Was a Believer of Uskayaw.
             Succumbed to an adder's poison
             ... on level 2 of the Dungeon.
             The game lasted 00:01:36 (893 turns).

sugabear the Cutter (Vine Stalker Gladiator)         Turns: 893, Time: 00:01:36

Health: 0/23       AC:  4    Str: 15 (18) XL:     4   Next: 56%
Magic:  3/5        EV: 12    Int:  5 (8)  God:    Uskayaw [**....]
Gold:   64         SH:  0    Dex: 12 (15) Spells: 0 memorised, 3 levels left

rFire  . . .     SeeInvis .     a - +0 rapier
rCold  . . .     Gourm    .     b - +0 leather armour
rNeg   . . .     Faith    .     (no shield)
rPois  .         Spirit   +     c - +0 helmet
rElec  .         Dismiss  .     (no cloak)
rCorr  .         Reflect  .     (no gloves)
SustAt .         Harm     .     (no boots)
MR     .....                    (no amulet)
Stlth  +.........               (no ring)
                                (no ring)

@: lethally poisoned (0 -> -8), not resistant to hostile enchantments, very
unstealthy
A: fangs 2, regeneration 1, magic shield, antimagic bite, no device heal 3, rot
immunity
a: Stomp, Line Pass, Renounce Religion


You were on level 2 of the Dungeon.
You worshipped Uskayaw.
Uskayaw was pleased with you.
You were not hungry.

You visited 1 branch of the dungeon, and saw 2 of its levels.

You collected 64 gold pieces.

Inventory:

Hand Weapons
 a - a +0 rapier (weapon)
Missiles
 d - 3 throwing nets (quivered)
Armour
 b - a +0 leather armour (worn)
 c - a +0 helmet (worn)
Jewellery
 n - an uncursed ring of flight {unknown}
Scrolls
 e - a scroll of magic mapping {unknown}
 h - 2 scrolls of fog {unknown}
 i - a scroll of blinking {unknown}
 j - a scroll of teleportation {unknown}
 k - a scroll of remove curse {unknown}
 m - 2 scrolls of identify {unknown}
Comestibles
 f - a bread ration
 l - 9 chunks of flesh


   Skills:
 + Level 2.2 Fighting
 + Level 3.4 Short Blades
 + Level 2.0 Throwing
 + Level 0.5 Armour
 + Level 3.2 Dodging
 * Level 0.2 Invocations


You had 3 spell levels left.
You didn't know any spells.

Dungeon Overview and Level Annotations

Branches:
Dungeon (2/15)

Altars:
Uskayaw


Innate Abilities, Weirdness & Mutations

You have extremely sharp teeth.
Your natural rate of healing is unusually fast.
When hurt, damage is shared between your health and your magic reserves.
Your bite disrupts and absorbs the magic of your enemies.
Potions and wands cannot restore your health.
You are immune to rotting.


Message History

The adder barely misses you. x3
Unknown command.
You hit the adder.
You kill the adder!
You feel sick. The adder bites you.
You are lethally poisoned!
The adder poisons you! The adder bites you.
* * * LOW HITPOINT WARNING * * *
You are more poisoned.
The adder poisons you!
You can now pass through a line of other dancers.
It was a potion of degeneration.
There was something very wrong with that liquid.
You feel weakened.
You feel dopey.
You feel clumsy.
* * * LOW HITPOINT WARNING * * *
You feel sick. The adder misses you.
Unknown command.
You hit the adder. Your bite misses the adder.
The adder is almost dead.
You die...

#.. ...# ####.####..#
####.......#..#
#.##....##.#..#
####.##.....#÷#..# #
.........._..÷...###
##.##..#.#....)##....
#..#...#.##....###.##
#..#@†.#.......##....
##..#S#.####.######...
#...#w#......#####.... ##
#.#..r..........##....
#..##.#(.#......)...##....
#...(..............##....
#........######.#####....
....##.....#.........##....
... .................##....


You could see a worm, an adder and a rat.

Vanquished Creatures
  A gnoll (D:1)
  An adder (D:2)
  An ooze (D:1)
  3 dart slugs
  3 giant geckos
  A ball python (D:1)
  A bat (D:1)
  3 giant cockroaches (D:1)
  4 goblins
  8 hobgoblins
  15 jackals
  A quokka (D:2)
  A giant newt (D:2)
  4 kobolds
  A rat (D:1)
48 creatures vanquished.

Vanquished Creatures (others)
  A giant newt (D:2)
1 creature vanquished.

Grand Total: 49 creatures vanquished

Notes
Turn   | Place    | Note
-------+----------+-------------------------------------------
     0 | D:1      | sugabear the Vine Stalker Gladiator began the quest for the Orb.
     0 | D:1      | Reached XP level 1. HP: 11/11 MP: 2/2
    86 | D:1      | Reached XP level 2. HP: 15/15 MP: 3/3
   186 | D:1      | Reached XP level 3. HP: 17/18 MP: 2/4
   624 | D:1      | Reached XP level 4. HP: 23/23 MP: 5/5
   801 | D:2      | Found a hide-covered altar of Uskayaw.
   833 | D:2      | Became a worshipper of Uskayaw the Reveler
   859 | D:2      | Reached * piety under Uskayaw
   891 | D:2      | Reached ** piety under Uskayaw
   892 | D:2      | HP: 1/23 [poisoned by an adder]
   893 | D:2      | Succumbed to an adder's poison

Vault maps used:
D:1:      minmay_arrival_three_doors
D:2:      fiery_altar_vehumet, nicolae_overflow_crystal_walls

Skill      XL: |  1  2  3 |
---------------+----------+-----
Short Blades   | 3 |  3.4
Dodging        | 3 |  3.2
Fighting       | 2 |  2.2
Throwing       | 2 |  2.0
Armour         | |  0.5
Invocations    | |  0.2

Action                   |  1- 3 |  4- 6 || total
-------------------------+-------+-------++-------
Melee: Rapier            |    84 |    70 ||   154
       Bite              |    26 |    23 ||    49
  Use: Potion            |       |     1 ||     1
Armor: Leather armour    |    24 |    28 ||    52
Dodge: Dodged            |    47 |   101 ||   148
